 Dungeon Crawl Stone Soup version 0.21-b1-21-g86478ac (webtiles) character file.

1332 microfolk the Cleaver (level 8, -4/73 HPs)
             Began as a Hill Orc Monk on Jan 4, 2018.
             Was a Believer of Beogh.
             Slain by a troll (11 damage)
             ... on level 6 of the Dungeon.
             The game lasted 00:24:59 (7741 turns).

microfolk the Cleaver (Hill Orc Monk)               Turns: 7741, Time: 00:25:00

Health: -4/73      AC: 10    Str: 16    XL:     8   Next: 61%
Magic:  7/9        EV: 11    Int: 10    God:    Beogh [**....]
Gold:   222        SH:  0    Dex: 13    Spells: 7/7 levels left

rFire    . . .     SeeInvis .   a - +0 hand axe
rCold    . . .     Gourm    .   (no shield)
rNeg     . . .     Faith    .   h - +0 ring mail
rPois    .         Spirit   .   m - +1 helmet
rElec    .         Reflect  .   (no cloak)
rCorr    .         Harm     .   o - +1 pair of gloves
MR       .....                  (no boots)
Stlth    +.........             (no amulet)
HPRegen  0.22/turn              (no ring)
MPRegen  0.11/turn              (no ring)

@: no status effects
A: no striking features
a: Smiting, Renounce Religion


You were on level 6 of the Dungeon.
You worshipped Beogh.
Beogh was pleased with you.
You were hungry.

You visited 1 branch of the dungeon, and saw 6 of its levels.

You collected 222 gold pieces.

Inventory:

Hand Weapons
 a - a +0 hand axe (weapon)
 b - the +7 longbow "Piercer" {penet, EV-2}
   (You found it on level 5 of the Dungeon)

   Ammo fired by it will pass through the targets it hits, potentially hitting
   all targets in its path until it reaches maximum range.
   It affects your evasion (-2).
 l - a +2 hand axe of flaming
 y - a +0 hunting sling
Missiles
 z - 83 arrows
 B - 113 stones (quivered)
Armour
 h - a +0 ring mail (worn)
 m - a +1 helmet (worn)
 o - a +1 pair of gloves (worn)
 s - a +0 chain mail of magic resistance
Jewellery
 p - an uncursed amulet of the gourmand {unknown}
 v - an uncursed amulet of magic regeneration {unknown}
 E - an uncursed ring of fire {unknown}
Wands
 f - a wand of random effects (23)
 r - a wand of paralysis (8)
Scrolls
 e - a scroll of amnesia
 g - 2 scrolls of magic mapping {unknown}
 i - a scroll of teleportation
 j - 2 scrolls of noise {unknown}
 k - a scroll of fear
 u - a scroll of enchant armour
 A - a scroll of remove curse {unknown}
 C - a scroll of blinking
 F - 2 scrolls of fog {unknown}
Potions
 d - a potion of magic
 n - 2 potions of haste
 q - a potion of brilliance
 t - 2 potions of heal wounds
 w - a potion of flight {unknown}
 x - a potion of ambrosia {unknown}
 D - a potion of mutation {unknown}
 G - a potion of lignification {unknown}
 H - a potion of curing {unknown}
Comestibles
 c - 5 rations


   Skills:
 + Level 7.3 Fighting
 + Level 8.2 Axes
 - Level 2.2 Slings
 + Level 3.0 Bows
 + Level 4.9 Armour
 - Level 2.4 Dodging
 - Level 1.5 Stealth
 + Level 1.7 Invocations


You had 7 spell levels left.
You didn't know any spells.

Dungeon Overview and Level Annotations

Branches:
Dungeon (6/15)             Temple (0/1) D:5

Altars:
Dithmenos


Message History

The troll closely misses you.
The troll claws you but does no damage. x2
You barely miss the troll.
The troll is heavily wounded.
You hit the troll but do no damage.
The troll is heavily wounded.
The troll bites you! The troll claws you.
The troll claws you but does no damage.
You slash the troll!
The troll is severely wounded.
The troll barely misses you.
The troll claws you but does no damage. x2
You closely miss the troll.
The troll is severely wounded.
The troll bites you! The troll claws you!
* * * LOW HITPOINT WARNING * * *
The troll claws you.
* * * LOW HITPOINT WARNING * * *
The troll completely misses you. The troll claws you.
* * * LOW HITPOINT WARNING * * *
The troll claws you!
You die...

.#..###........##.#.###..## ##...
.##..##...........#.#(..## ##))
..#.....................# ##..
........................# #...
........................## ##..)
...................##....# #....
....................#...#..##....
...............T........#........
................@........#.......
............................#####
..................<...#.....#
............................#
..................#.#........#
.............###.....##.......
#.............#....### ##..... ##
.#...............#.# #..). ..
.#...............#... ..


You could see a troll.

Vanquished Creatures
  An ice beast (D:4)
  A sky beast (D:6)
  3 ogres
  2 bullfrogs
  2 scorpions (D:4)
  The ghost of dscm the Skirmisher, a weakling DsFi (D:3)
  A crimson imp (D:5)
  2 hounds
  An orc wizard (D:6)
  A bullfrog skeleton (D:6)
  A centaur skeleton (D:4)
  Jessica (D:3)
  Ijyb (D:3)
  2 iguanas (D:6)
  4 worker ants (D:5)
  A hound zombie (D:5)
  Robin (D:2)
  5 adders
  3 gnolls
  A howler monkey skeleton (D:5)
  A shadow imp (D:6)
  2 oozes
  2 adder zombies
  An adder skeleton (D:6)
  2 worms
  A dart slug (D:3)
  The ghost of dscm the Sneak, a weakling FeEE (D:4)
  8 leopard geckos
  10 orcs
  8 bats
  A giant cockroach (D:1)
  16 goblins
  5 hobgoblins
  4 jackals (D:1)
  4 quokkas
  3 ball pythons
  5 frilled lizards
  A jackal skeleton (D:4)
  5 kobolds
  2 leopard gecko skeletons
  8 rats
125 creatures vanquished.

Vanquished Creatures (others)
  A scorpion (D:6)
  An orc wizard (D:6)
  An adder zombie (D:6)
  A quokka skeleton (D:6)
4 creatures vanquished.

Grand Total: 129 creatures vanquished

Notes
Turn   | Place    | Note
-------+----------+-------------------------------------------
     0 | D:1      | microfolk the Hill Orc Monk began the quest for the Orb.
     0 | D:1      | Reached XP level 1. HP: 19/19 MP: 1/1
   289 | D:1      | Reached XP level 2. HP: 27/27 MP: 2/2
   996 | D:1      | Reached XP level 3. HP: 29/33 MP: 3/3
  1243 | D:1      | Reached skill level 5 in Axes
  1862 | D:2      | Noticed Robin
  1900 | D:2      | Killed Robin
  1900 | D:2      | Reached XP level 4. HP: 32/41 MP: 4/4
  2381 | D:3      | Noticed Ijyb
  2415 | D:3      | Paralysed by Ijyb for 2 turns
  2418 | D:3      | Killed Ijyb
  2423 | D:3      | Noticed dscm's ghost (weakling DsFi)
  2656 | D:2      | Reached skill level 5 in Fighting
  2656 | D:2      | Reached skill level 1 in Armour
  2694 | D:3      | Reached XP level 5. HP: 35/48 MP: 5/5
  2921 | D:3      | Reached skill level 1 in Slings
  2933 | D:3      | Reached skill level 6 in Axes
  3312 | D:3      | Noticed Jessica
  3328 | D:3      | Killed Jessica
  3554 | D:3      | Killed dscm's ghost
  3554 | D:3      | Reached XP level 6. HP: 38/56 MP: 6/6
  3978 | D:4      | Noticed dscm's ghost (weakling FeEE)
  3987 | D:4      | Killed dscm's ghost
  4608 | D:4      | Reached XP level 7. HP: 62/62 MP: 7/7
  4712 | D:5      | Entered Level 5 of the Dungeon
  4725 | D:5      | Found the +7 longbow "Piercer" {penet, EV-2}
  5048 | D:4      | Reached skill level 7 in Axes
  5048 | D:4      | Reached skill level 1 in Bows
  5775 | D:5      | Found a staircase to the Ecumenical Temple.
  6130 | D:5      | Found a shadowy altar of Dithmenos.
  6583 | D:5      | Reached XP level 8. HP: 47/71 MP: 8/8
  6873 | D:6      | Became a worshipper of Beogh the Brigand
  6873 | D:6      | Reached * piety under Beogh
  6873 | D:6      | Reached ** piety under Beogh
  7038 | D:6      | Reached skill level 8 in Axes
  7181 | D:6      | Noticed a troll
  7587 | D:6      | Reached skill level 1 in Invocations
  7741 | D:6      | Slain by a troll

Skill      XL: |  1  2  3  4  5  6  7  8 |
---------------+-------------------------+-----
Fighting       | 4 5 6 7 |  7.3
Axes           | 5 6 7 8 |  8.2
Armour         | 1 2 4 |  4.9
Slings         | 1 2 |  2.2
Bows           | 2 3 |  3.0
Invocations    | 1 |  1.7
Dodging        | |  2.4
Stealth        | |  1.5

Action                   |  1- 3 |  4- 6 |  7- 9 || total
-------------------------+-------+-------+-------++-------
Melee: Hand axe          |   138 |   205 |   270 ||   613
 Fire: Hunting sling     |       |    47 |       ||    47
       Longbow           |       |       |    39 ||    39
Throw: Stone             |     5 |     2 |     1 ||     8
Invok: Smiting           |       |       |     1 ||     1
       Convert to Beogh  |       |       |     1 ||     1
  Use: Scroll            |       |     5 |     5 ||    10
 Stab: Sleeping          |     3 |       |       ||     3
  Eat: Chunk             |     3 |     5 |     3 ||    11
       Ration            |       |     1 |     2 ||     3
Armor: Robe              |    17 |       |       ||    17
       Ring mail         |    13 |    78 |   122 ||   213
Dodge: Dodged            |    71 |   127 |   186 ||   384
